 Dungeon Crawl Stone Soup version 0.29-a0-111-gbaf749a769 (webtiles) character file.

Game seed: 1036515345541458016

96140 Essalna the Destroyer (level 15, -21/90 (98) HPs)
             Began as a Demonspawn Earth Elementalist on Feb 17, 2022.
             Was the Champion of Hepliaklqana.
             Demolished by a white very ugly thing (25 damage)
             ... on level 3 of the Abyss on Feb 18, 2022.
             The game lasted 01:10:06 (23777 turns).

Essalna the Destroyer (DsEE)                       Turns: 23777, Time: 01:10:07

HP:   -21/90 (98)   AC:  8    Str:  8      XL:     15   Next: 68%
MP:   25/25         EV: 15    Int: 34 (35) God:    Hepliaklqana [******]
Gold: 2656          SH:  5    Dex: 18      Spells: 6/39 levels left

rFire   . . .      SeeInvis .   e - staff of earth
rCold   . . .      Faith    .   x - +0 buckler
rNeg    . . .      Spirit   .   F - +1 robe of Vines {NoPotionHeal Regen++++}
rPois   .          Reflect  .   (helmet restricted)
rElec   +          Harm     .   v - +1 cloak {Will+}
rCorr   .          Rampage  .   w - +0 pair of gloves
Will    ++...                   y - +1 pair of boots
Stlth   ++........              a - amulet of magic regeneration
HPRegen 0.00/turn               k - +6 ring of intelligence
MPRegen 0.59/turn               i - ring "Ynoiv" {rElec Int+6 Dex+3 Slay-5}

@: inhibited regen, drained
A: reduced essence, antennae 2, hooves 2, foul stench 2, powered by death 2,
demonic touch 2, deformed body, frail 1, inhibited regeneration, [low MP 2]
a: Renounce Religion, Recall Ancestor, Ancestor Identity, Transference, Idealise


You were on level 3 of the Abyss.
You worshipped Hepliaklqana.
Hepliaklqana was exalted by your worship.
You visited 4 branches of the dungeon, and saw 23 of its levels.
You visited the Abyss 1 time.
You also visited: Ice Cave.

You collected 2656 gold pieces.

Inventory:

Hand Weapons
 b - a +4 spectral quarterstaff
Missiles
 c - 722 stones
Armour
 m - a +1 crystal plate armour of cold resistance
 p - a +2 robe of cold resistance
 v - a +1 cloak of willpower (worn)
 w - a +0 pair of gloves (worn)
 x - a +0 buckler (worn)
 y - a +1 pair of boots (worn)
 F - the +1 robe of Vines (worn) {NoPotionHeal Regen++++}
   (You found it on level 15 of the Dungeon)

   Its wearer cannot be healed by potions.
   Regen:     It increases your rate of health regeneration.
 Q - a +0 troll leather armour
Magical Staves
 e - a staff of earth (weapon)
Jewellery
 a - an amulet of magic regeneration (around neck)
 d - a ring of protection from cold
 i - the ring "Ynoiv" (right hand) {rElec Int+6 Dex+3 Slay-5}
   (You found it in an ice cave)

   [ring of intelligence]

   Int:       It affects your intelligence (+6).
   Dex:       It affects your dexterity (+3).
   Slay:      It affects your accuracy & damage with ranged weapons and melee
   (-5).
   rElec:     It insulates you from electricity.
 k - a +6 ring of intelligence (left hand)
 z - a +6 ring of strength
 L - a ring of see invisible
 N - an amulet of regeneration
 W - a ring of protection from fire
 X - a +6 ring of strength
 Y - a ring of fire
Wands
 s - a wand of digging (8)
 G - a wand of polymorph (4)
 V - a wand of mindburst (12)
 Z - a wand of iceblast (7)
Scrolls
 l - a scroll of immolation {unknown}
 q - 12 scrolls of teleportation
 t - 2 scrolls of magic mapping
 A - 2 scrolls of enchant armour
 B - 2 scrolls of fog
 C - a scroll of amnesia
 D - 4 scrolls of blinking
 K - 5 scrolls of vulnerability {unknown}
 M - 2 scrolls of torment {unknown}
 O - 3 scrolls of fear {unknown}
 P - 4 scrolls of enchant weapon {unknown}
 U - 15 scrolls of identify
Potions
 g - 5 potions of brilliance
 h - 5 potions of mutation
 j - 4 potions of magic
 n - 4 potions of attraction
 o - 2 potions of berserk rage
 r - 11 potions of curing
 u - a potion of ambrosia
 E - 4 potions of might
 H - a potion of cancellation {unknown}
 I - 2 potions of resistance {unknown}
 J - 4 potions of lignification {unknown}
 S - 7 potions of heal wounds
 T - 2 potions of invisibility {unknown}


   Skills:
 + Level 13.0 Fighting
 - Level 6.0 Armour
 - Level 6.2 Dodging
 - Level 1.7 Stealth
 + Level 2.0 Shields
 + Level 12.6 Spellcasting
 + Level 13.3 Conjurations
 + Level 4.8 Necromancy
 - Level 0.8 Transmutations
 + Level 2.8 Ice Magic
 + Level 12.8 Earth Magic


You had 6 spell levels left.
You knew the following spells:

 Your Spells              Type           Power      Damage    Failure   Level
a - Sandblast             Erth           100%       2d20      0%          1
b - Passwall              Tmut/Erth      66%        N/A       1%          2
c - Stone Arrow           Conj/Erth      100%       3d13      1%          3
d - Lee's Rapid Deconstr  Erth           52%        3d25*     1%          5
e - Necromutation         Tmut/Necr      20%        N/A       100%        8
f - Orb of Destruction    Conj           42%        9d12      10%         7
g - Ozocubu's Refrigerat  Ice            20%        4d9       100%        7

Your spell library contained the following spells:

 Spells                   Type           Power      Damage    Failure   Level
 Freeze                   Ice            100%       1d11      1%          1
 Pain                     Necr           100%       1d9       1%          1
 Static Discharge         Conj/Air       61%        N/A       1%          2
 Conjure Flame            Conj/Fire      61%        6-21      1%          3
 Dazzling Flash           Conj/Hex       100%       N/A       1%          3
 Fulminant Prism          Conj/Hex       30%        3d16      1%          4
 Hailstorm                Conj/Ice       66%        3d14      1%          4
 Leda's Liquefaction      Hex/Erth       39%        N/A       1%          4
 Petrify                  Tmut/Erth      80%        N/A       1%          4
 Sticky Flame             Conj/Fire      61%        2d8       1%          4
 Iskenderun's Battlesphe  Conj           84%        2d13      1%          5
 Iron Shot                Conj/Erth      52%        9d10      1%          6
 Ensorcelled Hibernation  Hex/Ice        62%        N/A       2%          2
 Frozen Ramparts          Ice            80%        1d10      2%          3
 Ozocubu's Armour         Ice            40%        N/A       2%          3
 Animate Dead             Necr           26%        N/A       3%          4
 Dispel Undead            Necr           53%        3d19      3%          4
 Fireball                 Conj/Fire      30%        3d13      4%          5
 Lightning Bolt           Conj/Air       30%        1d47      4%          5
 Swiftness                Air            21%        N/A       9%          3
 Agony                    Necr           53%        N/A       10%         5
 Excruciating Wounds      Necr           26%        N/A       10%         5
 Summon Ice Beast         Ice/Summ       31%        N/A       14%         4
 Statue Form              Tmut/Erth      53%        N/A       24%         6
 Starburst                Conj/Fire      30%        6d9       26%         6
 Silence                  Hex/Air        10%        N/A       58%         5
 Summon Mana Viper        Hex/Summ       21%        N/A       58%         5
 Spellforged Servitor     Conj/Summ      30%        N/A       83%         7
 Haunt                    Necr/Summ      19%        N/A       100%        7
 Monstrous Menagerie      Summ           10%        N/A       100%        7
 Borgnjor's Revivificati  Necr           26%        N/A       100%        8
 Ignition                 Fire           10%        3d5       100%        8
 Infestation              Necr           26%        N/A       100%        8
 Maxwell's Capacitive Co  Air            10%        ∞         100%        8
 Death's Door             Necr           26%        N/A       100%        9


Dungeon Overview and Level Annotations

Branches:
Dungeon (15/15)            Temple (1/1) D:4            Lair (6/6) D:9
 Shoals (1/4) Lair:2        Snake (0/4) Lair:3        Slime (0/5) Lair:6
    Orc (0/2) D:12         Vaults (0/5) D:14         Depths (0/4) D:15
  IceCv (visited)

Altars:
Ashenzari
Cheibriados
Dithmenos
Elyvilon
Fedhas
Gozag
Hepliaklqana
Kikubaaqudgha
Makhleb
Nemelex Xobeh
Okawaru
Qazlal
Ru
Sif Muna
Trog
Uskayaw
Vehumet
Wu Jian
Xom
Yredelemnul
Zin
The Shining One
Beogh
Jiyva

Shops:
D:3 [   D:4 =   D:8 (((=   Shoals:1 ?

Annotations:
Shoals:1 Louise


Innate Abilities, Weirdness & Mutations

Your life essence is reduced to manifest your ancestor. (-10% HP)
You have a pair of antennae on your head.
You have hoof-like feet.
You sometimes emit foul miasma when damaged in melee.
You regenerate health from kills.
Your touch may inflict irresistible damage on your foes.
Armour fits poorly on your strangely shaped body.
You are frail. (-10% HP)
You do not regenerate when monsters are visible.
[Your magical capacity is very low. (-20% MP)]


Message History

You feel sick.
A starcursed mass splits.
You feel sick.
A white very ugly thing comes into view.
A starcursed mass splits.
The starcursed mass completely misses you.
A white very ugly thing comes into view.
You feel sick.
The smoke demon roars!
The white very ugly thing gurgles horribly! x2
A starcursed mass splits.
You hear a horrible gurgling sound!
A white very ugly thing comes into view.
You feel sick. The smoke demon gestures at you. Something smites you!
A starcursed mass splits.
An iron imp comes into view.
You feel sick.
You are no longer poisoned.
A starcursed mass splits.
The iron imp shouts!
The smoke demon gestures at you. Something smites you!
A deafening chorus of shrieks assaults your mind!
A starcursed mass splits.
A wretched star comes into view.
A cacodemon comes into view.
The cacodemon shouts!
The wretched star pulses with an eldritch light!
You feel less energetic. x2
A starcursed mass splits.
You block the iron imp's attack.
The wretched star pulses with an eldritch light!
A starcursed mass splits.
A deafening chorus of shrieks assaults your mind!
* * * LOW HITPOINT WARNING * * *
The smoke demon roars!
A starcursed mass splits.
The white very ugly thing headbutts you!
* * * LOW HITPOINT WARNING * * *
The white very ugly thing freezes you!!
You die...

. #.# #. #.. . .#
..# # #.#.##.##.##
..
...........###...
.................
#.... #.....# ..
#...###@..###..
.#.....#u....#...
.........5*......
........XX3......
........XX........
.#...2.#.X3..#....
##...###...###...
#.Xu4.#2XX.3#....
.......{..........


You could see 8 starcursed masses, 2 very ugly things, a cacodemon, a balrug, a
wretched star, a sun demon, an orange demon, 2 smoke demons and an iron imp.

Vanquished Creatures
  An ettin (D:15)
  7 hydras
  A shambling mangrove (D:15)
  5 boulder beetles
  A death knight (D:15)
  7 centaur warriors
  2 ogre magi
  Erica (D:11)
  4 death yaks
  A tengu warrior (D:15)
  2 two-headed ogres (D:14)
  A thrashing horror (Abyss:3)
  2 sea snakes (Shoals:1)
  A swamp dragon (Lair:6)
  3 wizards (D:15)
  Pikel (D:5)
  3 deep elf pyromancers
  3 harpies (Shoals:1)
  4 ugly things
  An orc knight (D:15)
  A deep elf zephyrmancer (D:15)
  An orc sorcerer (D:15)
  8 cyclopes
  A faun (Shoals:1)
  2 wolf spiders
  3 manticores
  10 elephants
  8 black mambas
  An oklob plant (Lair:6)
  A guardian serpent (Lair:6)
  A merfolk siren (Shoals:1)
  2 ice statues (IceCv)
  A black mamba (shapeshifter) (D:12)
  A gargoyle (D:11)
  Maggie (D:9)
  An unseen horror (D:10)
  16 cane toads
  5 rime drakes
  An ancient zyme (Abyss:3)
  A tormentor (Abyss:3)
  2 tengu conjurers
  2 efreet (D:14)
  8 komodo dragons
  4 trolls
  3 merfolk
  2 meliai (D:14)
  4 hornets
  Prince Ribbit (D:7)
  2 polar bears
  12 blink frogs
  3 slime creatures (D:12)
  5 dream sheep (Lair:5)
  A vampire (D:11)
  53 yaks
  4 wraiths
  10 wyverns
  3 fire elementals (D:15)
  A basilisk (Lair:2)
  Grum (D:8)
  2 redbacks (Lair:6)
  2 steam dragons
  Edmund (D:5)
  5 vampire mosquitoes
  A warg (D:15)
  4 acid dragons
  A naga (Lair:3)
  19 water moccasins
  3 hell hounds (D:15)
  3 sky beasts
  A swamp drake (Lair:6)
  3 ice beasts
  6 orc warriors
  2 black bears
  A necrophage (D:8)
  9 wolves
  3 ogres
  10 centaurs
  2 phantoms
  A lemure (D:5)
  3 scorpions
  13 bullfrogs
  A wyvern zombie (D:9)
  2 gnoll sergeants
  A wyvern skeleton (D:5)
  A water moccasin skeleton (D:5)
  A lindwurm simulacrum (IceCv)
  11 wights
  A howler monkey (D:9)
  3 vampire bats (D:10)
  2 electric eels (D:8)
  A bullfrog zombie (D:5)
  6 komodo dragon simulacra (IceCv)
  5 centaur zombies
  2 hounds (D:5)
  3 jellies (D:7)
  9 orc priests
  Crazy Yiuf (D:2)
  A bullfrog skeleton (D:5)
  A gnoll shaman (D:5)
  Jessica (D:2)
  A scorpion zombie (D:5)
  6 iguanas
  7 orc wizards
  4 hell rats (Lair:2)
  A hound zombie (D:5)
  3 hound skeletons
  Robin (D:2)
  7 acid dragon simulacra (IceCv)
  9 adders
  10 gnolls
  2 shadow imps (D:6)
  An ufetubus (D:7)
  6 steam dragon simulacra (IceCv)
  A worm (D:2)
  A dart slug (D:9)
  43 orcs
  7 bats
  2 bat skeletons (D:10)
  3 bat zombies (D:10)
  8 endoplasms
  2 giant cockroaches
  12 goblins
  10 hobgoblins
  3 quokkas
  5 ball pythons
  3 frilled lizards
  5 kobolds
  4 rats
553 creatures vanquished.

Vanquished Creatures (collateral kills)
  A white draconian (IceCv)
  Azrael (D:15)
  A fire dragon (Lair:6)
  2 hydras
  A centaur warrior (D:12)
  2 death yaks (Lair:5)
  A tengu warrior (D:15)
  A sea snake (Shoals:1)
  A steelbarb worm (shapeshifter) (D:15)
  A manticore (D:12)
  An ugly thing (D:14)
  5 elephants
  A water nymph (Shoals:1)
  Maurice (D:9)
  A black mamba (Lair:6)
  3 freezing wraiths (D:15)
  An efreet (D:15)
  A meliai (D:14)
  A merfolk (Shoals:1)
  2 hornets
  2 slime creatures (D:12)
  2 blink frogs (Lair:3)
  2 snapping turtles (Shoals:1)
  2 wyverns (Lair:6)
  10 yaks
  2 basilisks
  A naga (Lair:3)
  3 acid dragons
  A hell hound (D:15)
  3 water moccasins
  A wolf (Lair:1)
  A lindwurm simulacrum (IceCv)
  3 hell rats (Lair:2)
  2 gnolls
  An orc (D:9)
65 creatures vanquished.

Vanquished Creatures (others)
  An ogre mage (D:12)
  2 ancestors
  8 knights
  38 fungi
  91 plants
140 creatures vanquished.

Grand Total: 758 creatures vanquished

Notes
Turn   | Place    | Note
-------+----------+-------------------------------------------
     0 | D:1      | Essalna the Demonspawn Earth Elementalist began the quest
                  | for the Orb.
     0 | D:1      | Reached XP level 1. HP: 13/13 MP: 3/3
    84 | D:1      | Discovered your monstrous ancestry.
    84 | D:1      | Gained mutation: You have large cloven feet. [demonic
                  | ancestry]
    84 | D:1      | Reached XP level 2. HP: 8/19 MP: 1/5
   114 | D:1      | Found a faded altar of an unknown god.
   992 | D:2      | Noticed Jessica
  1000 | D:2      | Killed Jessica
  1001 | D:2      | Reached XP level 3. HP: 8/24 MP: 3/7
  1004 | D:2      | Learned a level 2 spell: Passwall
  1008 | D:2      | Learned a level 3 spell: Stone Arrow
  1250 | D:2      | Noticed Robin
  1333 | D:2      | Killed Robin
  1334 | D:2      | Gained mutation: You may rarely emit foul miasma when
                  | damaged in melee. [demonic ancestry]
  1334 | D:2      | Reached XP level 4. HP: 20/28 MP: 6/8
  1508 | D:2      | Reached skill level 1 in Conjurations
  2178 | D:2      | Found a runed translucent door.
  2179 | D:2      | Noticed Crazy Yiuf
  2184 | D:2      | Killed Crazy Yiuf
  2185 | D:2      | Reached XP level 5. HP: 35/35 MP: 6/10
  2304 | D:3      | Noticed a +0 dagger
  2304 | D:3      | Noticed a +0 dagger
  2308 | D:3      | Found a hide-covered altar of Uskayaw.
  2489 | D:3      | Found Zotuny's Armour Emporium.
  3033 | D:4      | Gained mutation: You regenerate a little health from kills.
                  | [demonic ancestry]
  3033 | D:4      | Reached XP level 6. HP: 41/41 MP: 9/11
  3044 | D:4      | Found a staircase to the Ecumenical Temple.
  3053 | Temple   | Entered the Ecumenical Temple
  3255 | Temple   | Upgraded the game from 0.29-a0-110-g189f89ecda to
                  | 0.29-a0-111-gbaf749a769
  3322 | D:4      | Found Azebb's Jewellery Shop.
  3742 | D:5      | Entered Level 5 of the Dungeon
  3920 | D:5      | Reached skill level 1 in Fighting
  3947 | D:5      | Gained mutation: You have a pair of small antennae on your
                  | head. [demonic ancestry]
  3947 | D:5      | Reached XP level 7. HP: 43/48 MP: 9/13
  4042 | D:5      | Noticed Pikel
  4050 | D:5      | Killed Pikel
  4051 | D:5      | Reached skill level 5 in Spellcasting
  4051 | D:5      | Reached skill level 5 in Earth Magic
  4051 | D:5      | Gained mutation: Your touch may inflict minor irresistible
                  | damage on your foes. [demonic ancestry]
  4051 | D:5      | Reached XP level 8. HP: 42/57 MP: 3/15
  4186 | D:5      | Noticed Edmund
  4192 | D:5      | Killed Edmund
  4495 | D:5      | Reached skill level 5 in Conjurations
  5040 | D:6      | Gained mutation: You have hoof-like feet. [demonic
                  | ancestry]
  5040 | D:6      | Reached XP level 9. HP: 66/66 MP: 12/18
  5186 | D:6      | Found a hazy altar of Hepliaklqana.
  5454 | D:7      | Reached skill level 5 in Fighting
  5905 | D:7      | Noticed Prince Ribbit
  5908 | D:7      | Killed Prince Ribbit
  5990 | D:6      | Became a worshipper of Hepliaklqana the Forgotten
  6529 | D:8      | Reached XP level 10. HP: 76/76 MP: 12/20
  6905 | D:8      | Found Adenec's Weapon Boutique.
  6920 | D:8      | Noticed Grum
  6941 | D:8      | Killed Grum
  7019 | D:8      | Found Momefuox's Jewellery Emporium.
  7215 | D:8      | Noticed a cyclops
  7224 | D:8      | Killed a cyclops
  7498 | D:8      | Found Davonelerikk's Assorted Antiques.
  7582 | D:8      | Found Oskyin's Antique Weapon Shop.
  7698 | D:8      | Found Dick's Weapon Emporium.
  8002 | D:9      | Reached * piety under Hepliaklqana
  8011 | D:9      | Noticed Maurice
  8103 | D:9      | Found a shimmering blue altar of Sif Muna.
  8126 | D:9      | Noticed Maggie
  8665 | D:9      | Killed Maggie
  8772 | D:9      | Killed Maurice
  9004 | D:9      | Found a broken altar of Ashenzari.
  9006 | D:9      | Found a radiant altar of Vehumet.
  9080 | D:9      | Found a snail-covered altar of Cheibriados.
  9154 | D:9      | Gained mutation: You regenerate health from kills. [demonic
                  | ancestry]
  9154 | D:9      | Reached XP level 11. HP: 73/76 MP: 17/23
  9274 | D:9      | Found a staircase to the Lair.
  9347 | Lair:1   | Entered Level 1 of the Lair of Beasts
  9438 | Lair:1   | Found a hide-covered altar of Uskayaw.
  9438 | Lair:1   | Noticed a boulder beetle
  9439 | Lair:1   | Found an ornate altar of the Wu Jian Council.
  9458 | Lair:1   | Killed a boulder beetle
  9459 | Lair:1   | Reached skill level 1 in Armour
 10178 | Lair:2   | Reached ** piety under Hepliaklqana
 10197 | Lair:2   | Remembered your ancestor Centenhua as a knight
 10802 | Lair:2   | Found a staircase to the Shoals.
 10941 | Lair:3   | Gained mutation: Your touch may inflict irresistible damage
                  | on your foes. [demonic ancestry]
 10941 | Lair:3   | Reached XP level 12. HP: 84/84 MP: 16/25
 11039 | Lair:3   | Found a frozen archway.
 11041 | Lair:3   | Found a staircase to the Snake Pit.
 11052 | IceCv    | Entered an ice cave
 11592 | IceCv    | Noticed a white draconian
 11623 | IceCv    | Killed a white draconian
 11823 | IceCv    | Identified the ring "Ynoiv" {rElec Int+6 Dex+3 Slay-5}
 11919 | Lair:3   | Reached skill level 10 in Conjurations
 12127 | Lair:3   | Reached skill level 5 in Dodging
 12199 | Lair:3   | Reached skill level 10 in Earth Magic
 12440 | Lair:3   | Identified the +10 flail "Fecuust" {venom, rC+ Dex+2}
 12934 | Lair:4   | Reached skill level 5 in Armour
 12970 | Lair:4   | Reached *** piety under Hepliaklqana
 13737 | Lair:5   | Learned a level 5 spell: Lee's Rapid Deconstruction
 13796 | Lair:5   | Reached skill level 10 in Spellcasting
 13969 | Lair:5   | Gained mutation: You have a pair of antennae on your head.
                  | [demonic ancestry]
 13969 | Lair:5   | Reached XP level 13. HP: 27/92 MP: 21/27
 14073 | Lair:5   | Reached skill level 10 in Fighting
 14356 | Lair:5   | Identified the +0 chain mail of Mutualism {+Blink rElec
                  | rPois Int-4}
 14360 | Lair:5   | Reached **** piety under Hepliaklqana
 14361 | Lair:5   | Identified the +3 ring mail "Ribix" {rElec rPois}
 15025 | Lair:6   | Entered Level 6 of the Lair of Beasts
 15075 | Lair:6   | Found a shimmering blue altar of Sif Muna.
 15646 | Lair:6   | Found a viscous altar of Jiyva.
 15646 | Lair:6   | Found a staircase to the Slime Pits.
 15760 | Lair:6   | Reached ***** piety under Hepliaklqana
 16144 | Lair:6   | Reached XP level 14. HP: 93/101 MP: 16/29
 17071 | D:10     | Entered Level 10 of the Dungeon
 17345 | D:10     | Found an ancient bone altar of Kikubaaqudgha.
 17789 | D:10     | Found a shadowy altar of Dithmenos.
 17796 | D:10     | Found an opulent altar of Gozag.
 18018 | D:11     | Identified a scroll of acquirement
 18018 | D:11     | Acquired 497 gold pieces
 18029 | D:11     | Noticed Erica
 18032 | D:11     | Killed Erica
 19150 | D:12     | Found a staircase to the Orcish Mines.
 19716 | D:12     | Learned a level 8 spell: Necromutation
 20276 | D:13     | Reached skill level 1 in Necromancy
 20444 | D:13     | Reached ****** piety under Hepliaklqana
 20900 | D:14     | Gained mutation: You sometimes emit foul miasma when
                  | damaged in melee. [demonic ancestry]
 20900 | D:14     | Reached XP level 15. HP: 109/109 MP: 13/31
 20931 | D:14     | Found a gate to the Vaults.
 21324 | D:14     | Identified the +0 robe "Poipleha" {-Tele *Corrode Slay+4
                  | SInv}
 21533 | D:14     | Got the Grimoire of Heat and Conjuration
 21546 | D:14     | Identified the +7 flail of Truth {vamp, rF- Str+8 Dex+7
                  | SInv}
 21573 | D:14     | Learned a level 7 spell: Orb of Destruction
 21581 | D:14     | Learned a level 7 spell: Ozocubu's Refrigeration
 21604 | D:15     | Entered Level 15 of the Dungeon
 21663 | D:15     | Noticed Azrael
 21669 | D:15     | Killed Azrael
 21793 | D:15     | Reached skill level 1 in Ice Magic
 22537 | D:15     | Found a staircase to the Depths.
 22566 | D:15     | Reached skill level 1 in Shields
 22926 | D:15     | Found the +1 robe of Vines {NoPotionHeal Regen++++}
 23243 | Shoals:1 | Entered Level 1 of the Shoals
 23246 | Shoals:1 | Found Ihafosito's Magic Scroll Boutique.
 23431 | Shoals:1 | Noticed Louise
 23545 | Shoals:1 | Cast into level 3 of the Abyss (Louise)
 23579 | Abyss:3  | Found a corrupted altar of Lugonu.
 23614 | Abyss:3  | Found a shadowy altar of Dithmenos.
 23709 | Abyss:3  | Found a corrupted altar of Lugonu.
 23723 | Abyss:3  | Noticed a revenant
 23728 | Abyss:3  | Gained mutation: You are frail. (-10% HP) [a neqoxec]
 23749 | Abyss:3  | Gained mutation: Armour fits poorly on your strangely
                  | shaped body. [a neqoxec]
 23753 | Abyss:3  | Gained mutation: You do not regenerate when monsters are
                  | visible. [a neqoxec]
 23777 | Abyss:3  | HP: 4/90 [white very ugly thing (15)]
 23777 | Abyss:3  | Demolished by a white very ugly thing

Illustrated notes

Levels and vault maps discovered:
D:1:      dpeg_arrival_castle, layout_basic, basic_ecumenical_altar
D:2:      layout_rooms, ebering_dispersal_statue_hall, serial_bayou_pond_d,
          uniq_jessica, uniq_crazy_yiuf_cottage, uniq_robin
D:3:      layout_loops_ring, dancing_weapons_uskayaw, serial_shops, shop_statue,
          kennysheep_potato
D:4:      layout_loops_ring, minmay_temple_entry_trees, serial_shops, shop
D:5:      layout_rooms, minmay_pentangle, uniq_edmund, uniq_pikel
D:6:      layout_rooms, general_overflow_altar
D:7:      layout_loops_ring, uniq_prince_ribbit1
D:8:      layout_cave_pools, serial_shops, nicolae_shop_waterfront, shop,
          nicolae_shop_temple_entry_statues_fountains, shop,
          nicolae_shop_bloodbath_and_beyond, minivault_14, corexii_corridor_pit,
          nrook_mini_vaults, uniq_grum
D:9:      layout_rooms, jmf_multi_god_temple, mainiacjoe_overflow_catwalk,
          kennysheep_slug_shrine, lair_entry_dummy, special_room
          [special_room_orc], minmay_quadrilaterals, uniq_maurice, uniq_maggie
D:10:     nicolae_cairo_tiling_large, layout_small_grid,
          kennysheep_vampire_church, grunt_temple_overflow_open
D:11:     layout_basic, uniq_erica
D:12:     minmay_crescents, layout_loops_corners, orc_0_dummy,
          lemuel_old_faithful
D:13:     layout_rooms
D:14:     layout_roguey, david_vaults_2, gauntlet_entry_generic, tso_altar,
          small_statue_intersection, minivault_10
D:15:     hangedman_depths_entry_civil_slaughter, layout_long_grid,
          hellmonk_guarded_unrand_vines, uniq_azrael
Temple:   nicolae_temple_figure_eight
Lair:1:   layout_chaotic_city, nzn_masters_of_martial_movement
Lair:2:   hellmonk_warped_wall, layout_cave_shapes, elwin_shoals_entry_rooms,
          st_stairs_7
Lair:3:   layout_misc_corridors, guppyfry_snake_entry_island,
          portal_ice_cave_entry_pillars_1, grunt_megastairs_5
Lair:4:   layout_cave_pods
Lair:5:   layout_regular_city
Lair:6:   hangedman_lair_tendril_chambers, layout_regular_city,
          guppyfry_lair_end_dragon, slime_altar_1, basic_altar
Shoals:1: layout_shoals, serial_shops, shop, nicolae_shoals_lost_giant_hut,
          nzn_prometheus_bound, uniq_louise
Abyss:3:  base: D:7, minivault_20, bh_abyss_exit_spiral,
          hangedman_abyss_rune_flesh_and_stone, hangedman_abyss_overflow_altar,
          hangedman_abyss_overflow_altar, serial_sigils_hangedman_snap

Skill      XL: |  1  2  3  4  5  6  7  8  9 10 11 12 13 14 15 |
---------------+----------------------------------------------+-----
Earth Magic    | 3 4 5 6 7 8 9 10 11 12 | 12.8
Spellcasting   | 3 4 5 6 7 8 9 10 11 12 | 12.6
Conjurations   | 1 2 3 4 5 7 8 9 10 11 12 13 | 13.3
Fighting       | 1 2 4 6 7 8 9 11 12 13 | 13.0
Armour         | 3 5 6 |  6.0
Dodging        | 3 5 6 |  6.2
Necromancy     | 2 4 |  4.8
Ice Magic      | 2 |  2.8
Shields        | 2 |  2.0
Stealth        | |  1.7
Transmutations | |  0.8

Action                   |  1- 3 |  4- 6 |  7- 9 | 10-12 | 13-15 || total
-------------------------+-------+-------+-------+-------+-------++-------
Melee: Staff             |    19 |    15 |     9 |    24 |    29 ||    96
       Trident           |     6 |       |       |       |       ||     6
       Kick              |     3 |       |       |       |       ||     3
       Touch             |       |       |     2 |     8 |     6 ||    16
 Cast: Sandblast         |    38 |    70 |    11 |    58 |    52 ||   229
       Stone Arrow       |       |    15 |   118 |   352 |   491 ||   976
       Lee's Rapid Decon |       |       |       |     4 |    74 ||    78
       Orb of Destructio |       |       |       |       |     8 ||     8
Invok: Ancestor Life: Kn |       |       |       |     1 |       ||     1
       Recall Ancestor   |       |       |       |     1 |     3 ||     4
Evoke: Wand              |       |       |       |       |     7 ||     7
  Use: Scroll            |       |       |    10 |     4 |    10 ||    24
       Potion            |       |       |     1 |       |     1 ||     2
 Stab: Distracted        |       |       |       |     1 |       ||     1
Armor: Robe              |    24 |    18 |    14 |    36 |    22 ||   114
       Troll leather arm |       |       |       |    25 |    50 ||    75
Dodge: Dodged            |    48 |    31 |    18 |   142 |   220 ||   459
Block: Buckler           |       |       |       |       |    20 ||    20

Table legend: (Time is in decaauts)
 A = Elapsed time spent in this place.
 B = Non-inter-level travel time spent in this place.
 C = Inter-level travel time spent in this place.
 D = Time resting spent in this place.
 E = Time spent auto-exploring this place.
 F = Levels seen in this place.
 G = Mean time per level.
                   A        B        C        D        E       F      G
               +--------+--------+--------+--------+--------+-----+--------+
         Total |  23879 |  22535 |   1344 |    409 |  17874 |  25 |  955.2 |
       Dungeon |  15377 |  14433 |    944 |    360 |  11693 |  15 | 1025.1 |
        Temple |    211 |    202 |      9 |      0 |    198 |   1 |  211.0 |
          Lair |   6944 |   6562 |    382 |     49 |   5279 |   6 | 1157.3 |
        Shoals |    279 |    271 |      8 |      0 |    120 |   1 |  279.0 |
         Abyss |    214 |    214 |      0 |      0 |     32 |   1 |  214.0 |
      Ice Cave |    850 |    850 |      0 |      0 |    552 |   1 |  850.0 |
               +--------+--------+--------+--------+--------+-----+--------+

Top non-repeatable levels by time:
     D:8: 2074 daAuts
  Lair:6: 1889 daAuts
    D:12: 1548 daAuts
    D:15: 1322 daAuts
     D:2: 1228 daAuts
  Lair:5: 1140 daAuts
  Lair:3: 1123 daAuts
  Lair:4: 1081 daAuts
     D:5: 1038 daAuts
     D:1: 1035 daAuts
     D:7: 1019 daAuts
    D:14: 999 daAuts
     D:9: 933 daAuts
  Lair:2: 877 daAuts
   IceCv: 850 daAuts
